 Dungeon Crawl Stone Soup version 0.32-a0-86-g8db1b9f803 (webtiles) character file.

Game seed: 9128555195899148550

3091 Ceno the Covert (level 9, -8/42 HPs)
             Began as a Vine Stalker Earth Elementalist on Feb 6, 2024.
             Was a Follower of Uskayaw.
             Succumbed to Erica's bolt of poison
             ... on level 8 of the Dungeon.
             The game lasted 00:22:44 (7888 turns).

Ceno the Covert (Vine Stalker Earth Elementalist)   Turns: 7888, Time: 00:22:45

Health: -8/42      AC:  8    Str: 10    XL:     9   Next: 89%
Magic:  3/20       EV: 12    Int: 15    God:    Uskayaw [*.....]
Gold:   514        SH:  0    Dex: 20    Spells: 11/22 levels left

rFire   . . .        e - +1 short sword (venom)
rCold   + + .        (no shield)
rNeg    . . .        y - +0 steam dragon scales
rPois   .            g - +2 helmet
rElec   .            (no cloak)
rCorr   .            (no gloves)
SInv    .            (no boots)
Will    +....        (no amulet)
Stlth   ++++         f - ring of protection from cold
HPRegen 1.07/turn    C - ring of protection from cold
MPRegen 0.17/turn

%: guardian spirit
@: lethally poisoned (-8 -> -39), slowed, very slow
A: fangs 3, regeneration 1, magic shield, antimagic bite, no potion heal 2
a: Renounce Religion, Stomp


You were on level 8 of the Dungeon.
You worshipped Uskayaw.
Uskayaw was noncommittal.
You visited 2 branches of the dungeon, and saw 9 of its levels.

You collected 514 gold pieces.

Inventory:

Hand Weapons
 c - a +0 short sword
 e - a +1 short sword of venom (weapon)
 s - a +0 rapier
Missiles
 d - 45 stones (quivered)
Armour
 a - a +0 robe
 g - a +2 helmet (worn)
 y - +0 steam dragon scales (worn)
Jewellery
 f - a ring of protection from cold (left hand)
 k - a ring of positive energy
 C - a ring of protection from cold (right hand)
Wands
 i - a wand of charming (14)
 x - a wand of polymorph (6)
 B - a wand of iceblast (3)
Scrolls
 h - 2 scrolls of teleportation
 l - a scroll of immolation
 m - 2 scrolls of poison {unknown}
 o - a scroll of noise {unknown}
 p - a scroll of enchant weapon {unknown}
 q - 2 scrolls of butterflies {unknown}
 u - 3 scrolls of revelation {unknown}
 v - 2 scrolls of identify
 A - a scroll of amnesia {unknown}
Potions
 b - a potion of magic
 j - a potion of attraction
 n - a potion of resistance
 r - a potion of enlightenment
 t - 3 potions of curing
 w - a potion of cancellation
 z - a potion of might


   Skills:
 + Level 2.0 Fighting
 + Level 5.9 Short Blades
 - Level 1.5 Dodging
 + Level 9.1 Stealth
 + Level 7.1 Spellcasting
 - Level 1.0 Conjurations
 - Level 6.0 Earth Magic
 + Level 3.2 Alchemy


You had 11 spell levels left.
You knew the following spells:

 Your Spells              Type           Power      Damage    Failure   Level
a - Sandblast             Erth           46%        2d11      1%          1
b - Passwall              Erth           23%        N/A       3%          3
c - Stone Arrow           Conj/Erth      30%        3d8       10%         3
d - Petrify               Alch/Erth      19%        N/A       21%         4

Your spell library contained the following spells:

 Spells                   Type           Power      Damage    Failure   Level
 Magic Dart               Conj           32%        1d4       9%          1
 Searing Ray              Conj           16%        2d5       13%         2
 Brom's Barrelling Bould  Conj/Erth      15%        2d4       30%         4
 Hailstorm                Conj/Ice       6%         3d5       32%         3
 Summon Ice Beast         Ice/Summ       5%         N/A       36%         3
 Fulminant Prism          Conj/Alch      5%         3d7       50%         4
 Summon Forest            Summ/Tloc      2%         N/A       98%         5
 Summon Mana Viper        Hex/Summ       5%         N/A       98%         5
 Sculpt Simulacrum        Ice/Alch       5%         N/A       100%        6
 Summon Cactus Giant      Summ           2%         N/A       100%        6


Dungeon Overview and Level Annotations

Branches:
Dungeon (8/15)             Temple (1/1) D:4
   Lair: D:8-11

Altars:
Ashenzari
Cheibriados
Dithmenos
Elyvilon
Gozag
Hepliaklqana
Kikubaaqudgha
Makhleb
Nemelex Xobeh
Okawaru
Qazlal
Ru
Sif Muna
Trog
Uskayaw
Vehumet
Wu Jian
Xom
Yredelemnul
Zin
The Shining One

Shops:
D:5 *   D:6 ?   D:7 :

Annotations:
D:5 Ijyb, Pikel
D:8 Erica


Innate Abilities, Weirdness & Mutations

You have razor-sharp teeth.
Your natural rate of healing is unusually fast.
When hurt, damage is shared between your health and your magic reserves.
Your bite disrupts and absorbs the magic of your enemies.
Potions cannot restore your health.


Message History

Found a dagger.
C - a ring of protection from cold
f - a ring of protection from cold (left hand)
C - a ring of protection from cold (right hand)
An orc comes into view. It is wielding a +0 flail.
The orc shouts!
You hear a shout! x3
You start waiting.
Done waiting.
You now have 478 gold pieces (gained 14).
You now have 499 gold pieces (gained 21).
Found a stone staircase leading down.
You now have 514 gold pieces (gained 15).
Found a leather armour.
Found a stone staircase leading down.
Erica the Fiery-Tempered comes into view.
She is wielding a +2 scimitar of flaming.
Press: ? - help, v - describe, . - travel
Here: Erica, wielding a +2 scimitar of flaming and wearing a ring of willpower The floor.
Erica casts a spell at you.
You feel yourself slow down.
Erica mumbles some strange words.
Erica flickers and vanishes!
Deactivating autopickup; reactivate with Ctrl-A.
Something tries to affect you, but you resist.
Something tries to affect you, but you resist.
Something tries to affect you, but you resist.
You feel as though you will be slow longer.
You hear some strange, mumbled words.
A bolt of poison appears from out of thin air!
The bolt of poison hits you!!
You are poisoned.
You feel extremely sick.
You feel extremely sick.
You hear some strange, mumbled words.
A bolt of poison appears from out of thin air!
The bolt of poison hits you!!
You are lethally poisoned!
* * * LOW HITPOINT WARNING * * *
You die...
Your body falls in perfect tune with the rhythm.

#.#.# #.# ># #.. #...###...
#.#.### #.###.## #.###...# ###.
#.#...# #.##... #.##....####..
#.###)# .....# #.##.........#
#.###.## #...######.#.......#..#
#......# #......................
#......####..#######.#.......##.#
.................# #.##.....###.#
##.....####..###@###.###...## #.#
#.....# #..........# ##### #.#
#>##.#####....#.##### #.#
#.##.......###..# #..
#<##.......# #..# ###
#.###.####.###..# # ##...#.##
#.##...## #.....#.#


There were no monsters in sight!

Vanquished Creatures
  Grinder (D:3)
  3 wyverns
  2 steam dragons (D:7)
  2 water moccasins
  4 sky beasts (D:7)
  2 black bears (D:5)
  2 ogres
  A centaur (D:8)
  2 lemures (D:5)
  A kobold brigand (D:7)
  2 phantoms
  Blork the orc (D:5)
  A bullfrog (D:7)
  A wight (D:7)
  3 killer bees (D:6)
  A bombardier beetle (D:5)
  3 hounds
  A gnoll bouda (D:7)
  2 orc priests
  A sleepcap (D:6)
  4 iguanas
  9 gnolls
  12 adders
  3 shadow imps
  A white imp (D:7)
  2 dart slugs (D:4)
  21 orcs
  4 endoplasms
  2 giant cockroaches (D:1)
  4 goblins
  9 hobgoblins
  6 jackals (D:3)
  4 quokkas
  8 ball pythons
  7 bats
  2 frilled lizards
  14 kobolds
  13 rats
161 creatures vanquished.

Notes
Turn   | Place    | Note
-------+----------+-------------------------------------------
     0 | D:1      | Ceno the Vine Stalker Earth Elementalist began the quest
                  | for the Orb.
     0 | D:1      | Reached XP level 1. HP: 9/9 MP: 4/4
   155 | D:1      | Reached XP level 2. HP: 13/13 MP: 1/6
   517 | D:1      | Reached skill level 1 in Short Blades
   517 | D:1      | Reached skill level 3 in Stealth
   543 | D:1      | Reached XP level 3. HP: 15/16 MP: 5/7
   589 | D:1      | Learned a level 3 spell: Passwall
   593 | D:1      | Learned a level 3 spell: Stone Arrow
  1587 | D:2      | Reached XP level 4. HP: 21/21 MP: 7/9
  2346 | D:3      | Reached XP level 5. HP: 18/24 MP: 4/10
  2430 | D:3      | Found a faded altar of an unknown god.
  2479 | D:3      | Noticed Grinder
  2480 | D:3      | Paralysed by Grinder for 3 turns
  2494 | D:3      | Paralysed by Grinder for 2 turns
  2497 | D:3      | Killed Grinder
  2498 | D:3      | Reached skill level 4 in Stealth
  2498 | D:3      | Reached XP level 6. HP: 28/28 MP: 6/12
  2780 | D:4      | Found a staircase to the Ecumenical Temple.
  2786 | Temple   | Entered the Ecumenical Temple
  2823 | Temple   | Became a worshipper of Uskayaw the Reveller
  3245 | D:4      | Reached * piety under Uskayaw
  3729 | D:5      | Entered Level 5 of the Dungeon
  3737 | D:5      | Reached ** piety under Uskayaw
  3740 | D:5      | Reached skill level 5 in Stealth
  3896 | D:5      | Noticed Blork the orc
  3935 | D:5      | Reached XP level 7. HP: 30/32 MP: 6/14
  3962 | D:5      | Killed Blork the orc
  3994 | D:5      | Noticed Ijyb
  4029 | D:5      | Identified the +3 ring mail of Bad Feelings {Harm rF+ rC+}
  4247 | D:5      | Reached *** piety under Uskayaw
  4249 | D:5      | Reached skill level 5 in Earth Magic
  4355 | D:5      | Noticed Pikel
  4399 | D:5      | Reached skill level 6 in Stealth
  4576 | D:4      | Gained mutation: You have razor-sharp teeth. [Vine Stalker
                  | growth]
  4576 | D:4      | Reached XP level 8. HP: 27/36 MP: 14/16
  4867 | D:5      | Reached skill level 5 in Spellcasting
  4993 | D:5      | Found Poacsua's Fire Supplies.
  5315 | D:6      | Learned a level 4 spell: Petrify
  5579 | D:6      | Reached skill level 7 in Stealth
  5823 | D:6      | Found Qadweps's Magic Scroll Shoppe.
  6323 | D:7      | Reached skill level 1 in Alchemy
  6346 | D:7      | Noticed a wyvern
  6364 | D:7      | Noticed a wyvern
  6365 | D:7      | Killed a wyvern
  6366 | D:7      | Reached XP level 9. HP: 39/39 MP: 14/19
  6369 | D:7      | Reached skill level 5 in Short Blades
  6369 | D:7      | Reached skill level 8 in Stealth
  6520 | D:7      | Found Laesov's Book Shop.
  6591 | D:7      | Found a bloodstained altar of Trog.
  7220 | D:7      | Reached skill level 1 in Fighting
  7294 | D:7      | Reached skill level 9 in Stealth
  7870 | D:8      | Noticed Erica
  7888 | D:8      | Succumbed to Erica's bolt of poison

Illustrated notes

Levels and vault maps discovered:
D:1:      giann_horns, layout_basic, minmay_misc_feat_room,
          minmay_rat_gold_closets
D:2:      minmay_wonky_spiral, layout_loops_corners, serial_forest,
          infiniplex_forest_clump_small, infiniplex_forest_clump_double,
          infiniplex_forest_zigzag_2, infiniplex_forest_straight_3,
          infiniplex_forest_clump_tiny, infiniplex_forest_clump_C,
          infiniplex_forest_clump_medium, infiniplex_forest_clump_medium
D:3:      layout_rooms, ebering_ecumenical_altar_box, minivault_26, uniq_grinder
D:4:      layout_gridville, minmay_temple_entry_fiery
D:5:      layout_cave_pods, nicolae_shop_fire_sale [nicolae_sub_dead_trees],
          wad_floor_pattern_1, minivault_4, minmay_hedge_maze,
          minmay_fractal_squares_gapless_5, uniq_pikel, uniq_ijyb,
          uniq_blork_the_orc
D:6:      layout_cave_pods, serial_shops, nicolae_shop_back_alley_shop
D:7:      layout_basic, marbit_many_paths, serial_shops,
          nicolae_shop_tiny_real_fake_doors,
          nicolae_concentric_dashed_squares_mild, hangedman_misty_isle
D:8:      layout_loops_ring, gammafunk_ghost_hydra_chop, uniq_erica
Temple:   nicolae_temple_slightly_damp_pantheon

Skill      XL: |  1  2  3  4  5  6  7  8  9 |
---------------+----------------------------+-----
Short Blades   | 1 2 3 4 5 |  5.9
Stealth        | 3 4 5 6 7 9 |  9.1
Spellcasting   | 3 4 6 7 |  7.1
Earth Magic    | 4 5 6 |  6.0
Alchemy        | 1 3 |  3.2
Fighting       | 2 |  2.0
Dodging        | |  1.5
Conjurations   | |  1.0

Action                     |  1- 3 |  4- 6 |  7- 9 || total
---------------------------+-------+-------+-------++-------
  Melee: Short sword       |    50 |   103 |   218 ||   371
         Bite              |    11 |    30 |    77 ||   118
         Punch             |     1 |     4 |    20 ||    25
  Throw: Stone             |     1 |     3 |     5 ||     9
   Cast: Sandblast         |    26 |    28 |    49 ||   103
         Stone Arrow       |       |     1 |     8 ||     9
         Passwall          |       |     1 |     6 ||     7
         Petrify           |       |       |     4 ||     4
    Use: Scroll            |       |     3 |     7 ||    10
         Potion            |       |       |     1 ||     1
   Stab: Sleeping          |    10 |     2 |     7 ||    19
         Paralysed         |       |       |     4 ||     4
         Petrifying        |       |       |     1 ||     1
 Armour: Robe              |    14 |    54 |   126 ||   194
         Steam dragon scal |       |       |    21 ||    21
  Dodge: Dodged            |    21 |    49 |   122 ||   192

Table legend: (Time is in decaauts)
 A = Elapsed time spent in this place.
 B = Non-inter-level travel time spent in this place.
 C = Inter-level travel time spent in this place.
 D = Time resting spent in this place.
 E = Time spent auto-exploring this place.
 F = Levels seen in this place.
 G = Mean time per level.
                   A        B        C        D        E       F      G
               +--------+--------+--------+--------+--------+-----+--------+
         Total |   7891 |   7622 |    269 |    346 |   5380 |   9 |  876.8 |
       Dungeon |   7834 |   7610 |    224 |    346 |   5380 |   8 |  979.2 |
        Temple |     56 |     11 |     45 |      0 |      0 |   1 |   56.0 |
               +--------+--------+--------+--------+--------+-----+--------+

Top non-repeatable levels by time:
     D:5: 1506 daAuts
     D:7: 1256 daAuts
     D:2: 1062 daAuts
     D:1: 1055 daAuts
     D:4: 990 daAuts
     D:6: 961 daAuts
     D:3: 659 daAuts
     D:8: 341 daAuts
  Temple: 56 daAuts
